 Dungeon Crawl Stone Soup version 0.19.5 (webtiles) character file.

34349 ghjk the Severer (level 13, -9/175 HPs)
             Began as a Minotaur Fighter on Apr 27, 2017.
             Was the Champion of Okawaru.
             Mangled by Rupert
             ... wielding a +4 vampiric great sword
              (13 damage)
             ... on level 14 of the Dungeon.
             The game lasted 00:32:50 (15613 turns).

ghjk the Severer (Minotaur Fighter)                Turns: 15613, Time: 00:32:51

Health: -9/175     AC: 22    Str: 38    XL:     13   Next: 41%
Magic:  0/12       EV: 15    Int:  8    God:    Okawaru [******]
Gold:   893        SH:  0    Dex: 15    Spells: 0 memorised, 12 levels left

rFire  + . .     SeeInvis .     O - +3 battleaxe of Execution {pain, -Tele Str+4 Int+3 Dex+4}
rCold  . . .     Gourm    .     z - +0 plate armour
rNeg   . . .     Faith    .     (shield currently unavailable)
rPois  .         Spirit   +     A - +0 hat of Complete Protection {rF+}
rElec  .         Reflect  .     q - +1 cloak
rCorr  .         Harm     .     (no gloves)
MR     .....     NoTele   +     r - +0 pair of boots
Stlth  ..........               D - amulet of guardian spirit
                                y - ring of wizardry
                                m - +4 ring of strength

@: berserking, heroism, very quick
A: retaliatory headbutt, horns 2
a: Heroism, Finesse, Renounce Religion


You were on level 14 of the Dungeon.
You worshipped Okawaru.
Okawaru was exalted by your worship.
You were not hungry.

You visited 2 branches of the dungeon, and saw 15 of its levels.

You collected 893 gold pieces.

Inventory:

Hand Weapons
 a - a +0 war axe
 l - a +0 hand axe of flaming
 C - a cursed +5 battleaxe
 O - the +3 battleaxe of Execution (weapon) {pain, -Tele Str+4 Int+3 Dex+4}
   (Okawaru gifted it to you on level 11 of the Dungeon)

   In the hands of one skilled in necromantic magic, it inflicts extra damage on
   living creatures.
   It affects your strength (+4).
   It affects your intelligence (+3).
   It affects your dexterity (+4).
   It prevents most forms of teleportation.
 U - a +1 demon blade of venom
Armour
 c - a +0 shield
 q - a +1 cloak (worn)
 r - a +0 pair of boots (worn)
 z - a +0 plate armour (worn)
 A - the +0 hat of Complete Protection (worn) {rF+}
   (Okawaru gifted it to you on level 13 of the Dungeon)

   It protects you from fire.
 F - a +2 hat
Jewellery
 h - an uncursed amulet of rage
 m - a +4 ring of strength (left hand)
 x - an uncursed ring of fire
 y - a ring of wizardry (right hand)
 D - an amulet of guardian spirit (around neck)
 G - an uncursed amulet of the gourmand
 K - a cursed -3 ring of dexterity {unknown}
 W - an uncursed amulet of harm
Wands
 e - a wand of acid (6/15)
 n - a wand of random effects (48/48)
 p - a wand of acid (9/15)
 H - a wand of paralysis (12/24)
 S - a wand of digging (2/24)
 T - a wand of lightning (7/15)
Scrolls
 j - 2 scrolls of amnesia
 o - a scroll of summoning
 u - 3 scrolls of recharging
 v - 5 scrolls of teleportation
 B - 2 scrolls of identify
 I - a scroll of fog
 J - 4 scrolls of remove curse
Potions
 b - 3 potions of degeneration {unknown}
 d - 6 potions of lignification
 g - 2 potions of brilliance
 s - 6 potions of flight
 t - 4 potions of curing
 L - a potion of cure mutation {unknown}
 M - a potion of resistance {unknown}
 N - 2 potions of cancellation {unknown}
 Q - a potion of agility {unknown}
 R - a potion of magic {unknown}
 V - a potion of heal wounds {unknown}
Books
 w - a book of Minor Magic

   Spells                             Type                      Level
   a - Magic Dart                     Conjuration                  1
   b - Blink                          Translocation                2
   c - Call Imp                       Summoning                    2
   d - Repel Missiles                 Charms/Air                   2
   e - Slow                           Hexes                        2
   f - Conjure Flame                  Conjuration/Fire             3
   g - Mephitic Cloud                 Conjuration/Poison/Air       3
 P - a book of Frost

   Spells                             Type                      Level
   a - Freeze                         Ice                          1
   b - Throw Frost                    Conjuration/Ice              2
   c - Ozocubu's Armour               Charms/Ice                   3
   d - Throw Icicle                   Conjuration/Ice              4
   e - Summon Ice Beast               Ice/Summoning                4
 Y - a book of Conjurations

   Spells                             Type                      Level
   a - Magic Dart                     Conjuration                  1
   b - Searing Ray                    Conjuration                  2
   c - Dazzling Spray                 Conjuration/Hexes            3
   d - Fulminant Prism                Conjuration/Hexes            4
   e - Iskenderun's Mystic Blast      Conjuration                  4
   f - Iskenderun's Battlesphere      Conjuration/Charms           5
Comestibles
 f - 7 bread rations
 k - 9 meat rations


   Skills:
 + Level 11.7(16.7) Fighting
 * Level 19.8(24.8) Axes
 + Level 12.2(17.2) Armour
 + Level 5.3(10.3) Dodging
 - Level 3.6(8.6) Shields


You had 12 spell levels left.
You didn't know any spells.

Dungeon Overview and Level Annotations

Branches:
Dungeon (14/15)            Temple (1/1) D:6            Lair (0/6) D:11
    Orc (0/2) D:10
 Vaults: D:13-14

Altars:
Ashenzari
Cheibriados
Dithmenos
Elyvilon
Fedhas
Gozag
Hepliaklqana
Kikubaaqudgha
Makhleb
Nemelex Xobeh
Okawaru
Qazlal
Ru
Sif Muna
Trog
Uskayaw
Vehumet
Xom
Yredelemnul
Zin
The Shining One
Lugonu

Shops:
D:4 (?=[

Annotations:
D:14 Rupert


Innate Abilities, Weirdness & Mutations

You reflexively headbutt those who attack you in melee.
You have a pair of horns on your head.


Message History

Unknown command.
You gain the combat prowess of a mighty hero.
Rupert barely misses you.
You slash Rupert!
Rupert is lightly wounded.
Rupert hits you with a vampiric great sword!!
* * * LOW HITPOINT WARNING * * *
Rupert draws strength from your wounds!
Unknown command.
A red film seems to cover your vision as you go berserk!
You feel yourself moving faster!
You feel mighty!
Rupert hits you with a vampiric great sword.
* * * LOW HITPOINT WARNING * * *
You barely miss Rupert. Your headbutt misses Rupert. You barely miss Rupert.
Rupert closely misses you. You furiously retaliate!
You headbutt Rupert! You slice Rupert!! You headbutt Rupert!!
Rupert is moderately wounded.
Rupert hits you with a vampiric great sword!
You die...

#....#.......##
##.....#####.##
##..### #.# #...# #.#
#...# #(# #.....####
#(#######
......../.###(.(....#
....####....#.@...>.##
.... #..#))@...##.#
#()(####.# .# #))##
..# #.))# .... #.....
...#. ...##.... ### .
.... .##..# ...... ..
## .##... ..#


You could see Rupert (berserk).

Vanquished Creatures
  Azrael (D:14)
  5 centaur warriors
  2 tengu warriors
  Urug (D:12)
  5 skeletal warriors
  An unseen horror (D:12)
  Pikel (D:4)
  7 hill giants
  A manticore (D:12)
  A cyclops (D:12)
  3 ugly things (D:12)
  Maurice (D:9)
  2 gargoyles (D:13)
  A komodo dragon (D:14)
  3 trolls
  2 two-headed ogres
  2 hornets
  10 slime creatures
  A meliai zombie (D:12)
  A hippogriff (D:14)
  A wyvern (D:11)
  A shadow (D:8)
  3 fire elementals (D:14)
  A vampire (D:12)
  A wraith (D:13)
  23 yaks
  A hog (shapeshifter) (D:14)
  3 hungry ghosts
  Edmund (D:4)
  6 vampire mosquitoes
  2 mottled dragons
  A soldier ant (D:13)
  2 water moccasins
  A warg (D:10)
  2 hell hounds (D:14)
  4 sky beasts
  3 slaves (D:4)
  A black bear (D:12)
  11 orc warriors
  3 phantoms
  8 ogres
  3 eyes of draining
  14 centaurs
  A crocodile (D:13)
  Blork the orc (D:6)
  5 big kobolds
  7 bullfrogs
  3 scorpions
  4 killer bees (D:11)
  3 wights (D:8)
  2 howler monkeys (D:12)
  5 crimson imps
  3 centaur zombies
  13 orc wizards
  3 centaur skeletons
  13 orc priests
  2 jellies
  2 bullfrog skeletons
  6 hounds
  Terence (D:2)
  2 iguanas
  8 worker ants
  A hound zombie (D:7)
  2 worker ant zombies
  A howler monkey zombie (D:10)
  2 howler monkey skeletons
  14 adders
  2 shadow imps (D:11)
  2 oozes
  3 adder zombies
  2 adder skeletons
  5 worms
  6 leopard geckos
  49 orcs
  5 giant cockroaches
  8 goblins
  9 hobgoblins
  9 jackals
  7 quokkas
  2 ball pythons
  6 bats
  7 frilled lizards
  28 kobolds
  A leopard gecko skeleton (D:7)
  3 rats
405 creatures vanquished.

Vanquished Creatures (others)
  A kobold (D:14)
  3 plants (D:11)
4 creatures vanquished.

Grand Total: 409 creatures vanquished

Notes
Turn   | Place    | Note
-------+----------+-------------------------------------------
     0 | D:1      | ghjk the Minotaur Fighter began the quest for the Orb.
     0 | D:1      | Reached XP level 1. HP: 19/19 MP: 0/0
   190 | D:1      | Reached XP level 2. HP: 23/27 MP: 1/1
   557 | D:1      | Reached XP level 3. HP: 32/33 MP: 2/2
   621 | D:2      | Reached skill level 3 in Axes
   899 | D:2      | Reached skill level 1 in Dodging
  1139 | D:2      | Noticed Terence
  1149 | D:2      | Killed Terence
  1149 | D:2      | Reached XP level 4. HP: 27/40 MP: 3/3
  1402 | D:2      | Reached skill level 4 in Axes
  1615 | D:3      | Found a bloodstained altar of Trog.
  1763 | D:3      | Reached XP level 5. HP: 47/47 MP: 4/4
  2053 | D:3      | Reached skill level 5 in Armour
  2318 | D:4      | Reached skill level 5 in Axes
  2363 | D:4      | Noticed Edmund
  2370 | D:4      | Killed Edmund
  2370 | D:4      | Reached skill level 6 in Axes
  2370 | D:4      | Reached XP level 6. HP: 43/55 MP: 5/5
  2401 | D:4      | Found a glowing golden altar of the Shining One.
  2416 | D:4      | Found Edosaoce's Armour Shop.
  2425 | D:4      | Found Puvveoz's Jewellery Emporium.
  2734 | D:4      | Noticed a slave
  2734 | D:4      | Noticed a slave
  2736 | D:4      | Noticed a slave
  2770 | D:4      | Killed a slave
  2779 | D:4      | Killed a slave
  2796 | D:4      | Killed a slave
  2865 | D:4      | Noticed Pikel
  2894 | D:4      | Killed Pikel
  2894 | D:4      | Reached skill level 5 in Fighting
  2894 | D:4      | Reached skill level 8 in Axes
  2894 | D:4      | Reached XP level 7. HP: 42/61 MP: 6/6
  3030 | D:4      | Found Uca Lufa's Antique Weapon Emporium.
  3045 | D:4      | Found Silen's Magic Scroll Shop.
  3166 | D:5      | Entered Level 5 of the Dungeon
  3218 | D:5      | Reached XP level 8. HP: 48/69 MP: 7/7
  3252 | D:5      | Reached skill level 9 in Axes
  4206 | D:6      | Noticed Blork the orc
  4216 | D:6      | Killed Blork the orc
  4216 | D:6      | Reached skill level 10 in Axes
  4552 | D:6      | Found a staircase to the Ecumenical Temple.
  4572 | Temple   | Entered the Ecumenical Temple
  4751 | Temple   | Became a worshipper of Warmaster Okawaru
  5283 | D:7      | Reached XP level 9. HP: 66/78 MP: 8/8
  5311 | D:7      | Found an iron altar of Okawaru.
  5321 | D:7      | Reached skill level 11 in Axes
  5701 | D:7      | Reached * piety under Okawaru
  7423 | D:8      | Reached skill level 12 in Axes
  7725 | D:8      | Reached ** piety under Okawaru
  8060 | D:8      | Reached XP level 10. HP: 86/86 MP: 9/9
  8136 | D:8      | Reached skill level 13 in Axes
  8844 | D:9      | Noticed Maurice
  8923 | D:9      | Killed Maurice
  8923 | D:9      | Reached *** piety under Okawaru
  9228 | D:9      | Paralysed by a hornet for 3 turns
  9240 | D:9      | Reached skill level 14 in Axes
  9384 | D:10     | Entered Level 10 of the Dungeon
  9436 | D:10     | Reached **** piety under Okawaru
  9628 | D:10     | Found a staircase to the Orcish Mines.
  9713 | D:10     | Noticed a hill giant
  9724 | D:10     | Killed a hill giant
  9724 | D:10     | Reached ***** piety under Okawaru
  9867 | D:10     | Noticed a tengu warrior
  9869 | D:10     | Noticed a tengu warrior
  9909 | D:9      | Killed a tengu warrior
  9909 | D:9      | Reached XP level 11. HP: 25/95 MP: 3/10
 10259 | D:10     | Reached skill level 15 in Axes
 10410 | D:10     | Killed a tengu warrior
 10410 | D:10     | Reached skill level 10 in Armour
 10871 | D:11     | Found a staircase to the Lair.
 11105 | D:11     | Received a gift from Okawaru
 11110 | D:11     | Got an iridescent battleaxe {god gift}
 11116 | D:11     | Identified the +3 battleaxe of Execution {pain, -Tele Str+4 Int+3 Dex+4} (Okawaru gifted it to you on level 11 of the Dungeon)
 11867 | D:12     | Noticed a skeletal warrior
 11867 | D:12     | Noticed a skeletal warrior
 11867 | D:12     | Noticed a skeletal warrior
 11867 | D:12     | Noticed a skeletal warrior
 11867 | D:12     | Noticed a skeletal warrior
 11878 | D:12     | Killed a skeletal warrior
 11883 | D:12     | Killed a skeletal warrior
 11883 | D:12     | Reached skill level 16 in Axes
 11947 | D:11     | HP: 1/148 [skeletal warrior/long sword[a skeletal warrior] (17)]
 11949 | D:11     | Killed a skeletal warrior
 12356 | D:11     | Killed a skeletal warrior
 12356 | D:11     | Reached skill level 10 in Fighting
 12367 | D:11     | Received a gift from Okawaru
 12598 | D:12     | Killed a skeletal warrior
 12641 | D:12     | Noticed Urug
 12652 | D:12     | Killed Urug
 12652 | D:12     | Reached XP level 12. HP: 75/106 MP: 7/11
 12811 | D:12     | Reached skill level 17 in Axes
 13162 | D:12     | Noticed a centaur warrior
 13172 | D:12     | Killed a centaur warrior
 13402 | D:12     | Received a gift from Okawaru
 13402 | D:12     | Reached skill level 5 in Dodging
 13830 | D:13     | Noticed a centaur warrior
 13888 | D:13     | Reached skill level 18 in Axes
 14070 | D:13     | Killed a centaur warrior
 14210 | D:13     | Received a gift from Okawaru
 14213 | D:13     | Got a bloodstained hat {god gift}
 14224 | D:13     | Identified the +0 hat of Complete Protection {rF+} (Okawaru gifted it to you on level 13 of the Dungeon)
 14374 | D:13     | Noticed a centaur warrior
 14387 | D:13     | Killed a centaur warrior
 14496 | D:13     | Found a corrupted altar of Lugonu.
 14550 | D:13     | Reached XP level 13. HP: 81/116 MP: 12/12
 14856 | D:14     | Reached ****** piety under Okawaru
 14856 | D:14     | Reached skill level 19 in Axes
 14936 | D:14     | Noticed Azrael
 14954 | D:14     | Killed Azrael
 15603 | D:14     | Noticed Rupert
 15609 | D:14     | HP: 4/117 [Rupert/vampiric great sword (21)]
 15613 | D:14     | Mangled by Rupert

Skill      XL: |  1  2  3  4  5  6  7  8  9 10 11 12 13 |
---------------+----------------------------------------+-----
Armour         | 4 5 6 8 9 11 12 | 12.2
Fighting       | 4 5 6 7 8 10 11 | 11.7
Axes           | 3 4 6 8 10 12 14 16 18 19 | 19.8
Dodging        | 1 2 3 4 5 |  5.3
Shields        | |  3.6

Action                   |  1- 3 |  4- 6 |  7- 9 | 10-12 | 13-15 || total
-------------------------+-------+-------+-------+-------+-------++-------
Melee: War axe           |    37 |       |       |       |       ||    37
       Headbutt          |    11 |    24 |    80 |   171 |    32 ||   318
       Hand axe          |    48 |   180 |   429 |   355 |       ||  1012
       Battleaxe         |       |       |       |   274 |   102 ||   376
Invok: Heroism           |       |       |       |       |     1 ||     1
  Use: Scroll            |       |     7 |     4 |     9 |     1 ||    21
       Potion            |       |     1 |       |     2 |     2 ||     5
  Eat: Chunk             |     1 |     6 |     5 |    14 |       ||    26
       Royal jelly       |       |       |     1 |       |       ||     1
       Beef jerky        |       |       |     3 |       |       ||     3
       Bread ration      |       |       |     1 |       |     1 ||     2
       Pizza             |       |       |       |     7 |     1 ||     8
       Fruit             |       |       |       |     3 |       ||     3
Armor: Scale mail        |    37 |    48 |    90 |       |       ||   175
       Plate armour      |       |       |    36 |   288 |    50 ||   374
Dodge: Dodged            |    34 |    32 |    60 |   179 |    48 ||   353
Block: Shield            |    30 |    68 |   140 |   122 |       ||   360
